 Dungeon Crawl Stone Soup version 0.32-a0-673-g3729bd5 (webtiles) character file.

Game seed: 14563557367937720969

173 Avenger the Slasher (level 5, -9/44 HPs)
             Began as a Demigod Gladiator on Mar 10, 2024.
             Mangled by Crazy Yiuf
             ... wielding a +2 quarterstaff of chaos
              (11 damage)
             ... on level 3 of the Dungeon.
             The game lasted 00:03:09 (2394 turns).

Avenger the Slasher (Demigod Gladiator)             Turns: 2394, Time: 00:03:10

Health: -9/44      AC:  4    Str: 15    XL:     5   Next: 6%
Magic:  7/7        EV: 13    Int: 10    God:
Gold:   113        SH:  0    Dex: 19    Spells: 4/4 levels left

rFire   . . .        b - +5 short sword (venom)
rCold   . . .        (no shield)
rNeg    . . .        g - +0 leather armour
rPois   .            c - +0 helmet
rElec   .            (no cloak)
rCorr   .            (no gloves)
SInv    .            (no boots)
Will    .....        (no amulet)
Stlth   +            (no ring)
HPRegen 0.27/turn    (no ring)
MPRegen 0.10/turn

%: no passive effects
@: lethally poisoned (-9 -> -11), weak-willed
A: high MP 1, forlorn, divine attributes
a: no special abilities


You were on level 3 of the Dungeon.
You visited 1 branch of the dungeon, and saw 3 of its levels.

You collected 113 gold pieces.

Inventory:

Hand Weapons
 a - a +0 long sword
 b - a +5 short sword of venom (weapon)
Missiles
 d - a throwing net (quivered)
 e - a javelin
Armour
 c - a +0 helmet (worn)
 g - a +0 leather armour (worn)
Wands
 m - a wand of polymorph (7)
Scrolls
 f - 3 scrolls of identify {unknown}
 i - 2 scrolls of amnesia {unknown}
 j - 2 scrolls of poison {unknown}
 k - a scroll of noise {unknown}
 l - a scroll of butterflies {unknown}
Potions
 h - 4 potions of might {unknown}


   Skills:
 + Level 2.9 Fighting
 * Level 4.3 Long Blades
 - Level 1.7 Throwing
 + Level 3.5 Dodging


You had 4 spell levels left.
You didn't know any spells.
Your spell library contained the following spells:

 Spells                   Type           Power      Damage    Failure   Level
 Call Canine Familiar     Summ           0%         N/A       80%         3
 Sigil of Binding         Hex            0%         N/A       80%         3
 Dimensional Bullseye     Hex/Tloc       0%         N/A       99%         4


Dungeon Overview and Level Annotations

Branches:
Dungeon (3/15) Zot: 15590

Annotations:
D:3 Crazy Yiuf


Innate Abilities, Weirdness & Mutations

You have an increased reservoir of magic. (+10% MP)
You shall have no god before yourself.
Your divine heritage dramatically boosts your attributes as you level up.


Message History

You are poisoned.
You take 5 HP, and have [28/44] HP You hit Crazy Yiuf.
Crazy Yiuf is lightly wounded.
You feel sick. Crazy Yiuf barely misses you.
You take 2 HP, and have [26/44] HP You barely miss Crazy Yiuf.
Crazy Yiuf is lightly wounded.
You feel sick. Crazy Yiuf barely misses you.
You take 2 HP, and have [24/44] HP You completely miss Crazy Yiuf.
Crazy Yiuf is moderately wounded.
You feel sick.
Crazy Yiuf laughs, "Millenium ladder leg!"
Crazy Yiuf misses you.
You hit Crazy Yiuf but do no damage.
Crazy Yiuf is moderately wounded.
You feel sick.
Crazy Yiuf hits you with a +2 quarterstaff of chaos.
Your willpower is stripped away!
You take 7 HP, and have [17/44] HP You barely miss Crazy Yiuf.
Crazy Yiuf is moderately wounded.
You feel sick.
You take 1 HP, and have [16/44] HP Unknown command.
You closely miss Crazy Yiuf.
Crazy Yiuf is moderately wounded.
You feel sick.
Crazy Yiuf looks more healthy.
Crazy Yiuf hits you with a +2 quarterstaff of chaos!
* * * LOW HITPOINT WARNING * * *
Crazy Yiuf freezes you.
* * * LOW HITPOINT WARNING * * *
You take 15 HP, and have [1/44] HP !!!!!
HP Warning !!!!!
Unknown command.
You hit Crazy Yiuf.
Crazy Yiuf is poisoned.
Crazy Yiuf is heavily wounded.
Crazy Yiuf hits you with a +2 quarterstaff of chaos!
You die...

###########
#.........#
#.#####...#
♣♣♣♣♣######### #.#
#.### ####
♣♣♣.♣........... #.#
#.#
#...#♣..♣...).....###
#.# #.#
#..g@.♣♣♣♣......#.##
#.#####.### #)..#♣♣
♣♣........#
#.##......# ####
♣♣##.....##
#.##.##.### ###..<..
#.........# #.#.##
..........######
###### #.#.#
#.##.##.###..#.#
#.#..# ###.#.#
#.#...).###..#.#
#.#..# #.....#
#.....÷.÷##..#.#
#.#..# #.....#


You could see Crazy Yiuf (very poisoned).

Vanquished Creatures
  An orc priest (D:3)
  Terence (D:3)
  Robin (D:3)
  2 ribbon worms (D:3)
  A dart slug (D:1)
  8 orcs (D:3)
  4 endoplasms
  2 giant cockroaches
  8 hobgoblins
  4 jackals (D:2)
  7 kobolds
  4 quokkas
  5 ball pythons
  8 bats
  3 frilled lizards
  20 goblins
  3 rats
82 creatures vanquished.

Notes
Turn   | Place    | Note
-------+----------+-------------------------------------------
     0 | D:1      | Avenger the Demigod Gladiator began the quest for the Orb.
     0 | D:1      | Reached XP level 1. HP: 17/17 MP: 3/3
    16 | D:1      | You fall into a shaft and drop 1 floor!
   149 | D:2      | Reached skill level 3 in Long Blades
   187 | D:2      | Reached XP level 2. HP: 24/24 MP: 4/4
   732 | D:1      | Reached XP level 3. HP: 29/29 MP: 5/5
  1222 | D:3      | Found a runed translucent door.
  1223 | D:3      | Noticed Crazy Yiuf
  1274 | D:3      | Noticed Terence
  1285 | D:3      | Killed Terence
  1313 | D:3      | Reached XP level 4. HP: 37/37 MP: 6/6
  1418 | D:3      | Reached skill level 4 in Long Blades
  1826 | D:3      | Noticed Robin
  1868 | D:3      | Killed Robin
  1869 | D:3      | Reached XP level 5. HP: 33/44 MP: 7/7
  2393 | D:3      | HP: 1/44 [Crazy Yiuf/+2 quarterstaff of chaos (2)]
  2394 | D:3      | Mangled by Crazy Yiuf

Illustrated notes

Levels and vault maps discovered:
D:1:      minmay_arrival_cross, layout_basic, minmay_misc_feat_columns
D:2:      layout_basic
D:3:      layout_loops_ring, hellmonk_ecumenical_altar_slurped_away,
          kennysheep_nub, minmay_misc_feat_encased, uniq_crazy_yiuf_cottage,
          uniq_terence, uniq_robin

Skill      XL: |  1  2  3  4 |
---------------+-------------+-----
Fighting       | 2 |  2.9
Long Blades    | 3 4 |  4.3
Dodging        | 3 |  3.5
Throwing       | |  1.7

Action                     |  1- 3 |  4- 6 || total
---------------------------+-------+-------++-------
  Melee: Long sword        |   116 |       ||   116
         Short sword       |     3 |    82 ||    85
  Throw: Throwing net      |     2 |       ||     2
    Use: Potion            |     1 |       ||     1
   Stab: Distracted        |     1 |       ||     1
         Sleeping          |     2 |     1 ||     3
 Armour: Leather armour    |    80 |    41 ||   121
         Skin              |       |     4 ||     4
  Dodge: Dodged            |    79 |    44 ||   123

Table legend: (Time is in decaauts)
 A = Elapsed time spent in this place.
 B = Non-inter-level travel time spent in this place.
 C = Inter-level travel time spent in this place.
 D = Time resting spent in this place.
 E = Time spent auto-exploring this place.
 F = Levels seen in this place.
 G = Mean time per level.
                   A        B        C        D        E       F      G
               +--------+--------+--------+--------+--------+-----+--------+
         Total |   2409 |   2352 |     57 |    183 |   1686 |   3 |  803.0 |
       Dungeon |   2409 |   2352 |     57 |    183 |   1686 |   3 |  803.0 |
               +--------+--------+--------+--------+--------+-----+--------+

Top non-repeatable levels by time:
     D:3: 1222 daAuts
     D:1: 642 daAuts
     D:2: 544 daAuts
